TOP OF THE 1ST |
Fresno HS Red Wings batting - Pitching for Rocky Point HS Eagles : RHP Ralph Benson
|
Pitching: RHP Ralph Benson
|
|
Batting: RHB Chris Osborn
|
0-0: Called Strike 0-1: Ball 1-1: Ball 2-1: SINGLE (Groundball, 56)
|
Batting: LHB Jack Mitchell
|
0-0: Ball 1-0: Called Strike 1-1: Ball 2-1: Foul Ball, location: 2F 2-2: Foul Ball, location: 2F 2-2: Hit by Pitch Chris Osborn to second
|
Batting: RHB Jack Hogan
|
0-0: Called Strike 0-1: Swinging Strike 0-2: Ball 1-2: Strikes out looking
|
Batting: RHB Juan Bruno
|
0-0: Foul Ball, location: 2F 0-1: Ball 1-1: Called Strike 1-2: Foul Ball, location: 2F 1-2: Ball 2-2: Foul Ball, location: 2F 2-2: Foul Ball, location: 2F 2-2: Ground out 5-3 (Groundball, 5S) Chris Osborn to third Jack Mitchell to second
|
Batting: RHB Cristo Avalos
|
0-0: 3-RUN HOME RUN (Flyball, 78XD), Distance : 411 ft
|
Batting: RHB Ward Dempsey
|
0-0: Ball 1-0: Ground out U3 (Groundball, 3)
|
Top of the 1st over - 3 run(s), 2 hit(s), 0 error(s), 0 left on base; Fresno HS 3 - Rocky Point HS 0 |
BOTTOM OF THE 1ST |
Rocky Point HS Eagles batting - Pitching for Fresno HS Red Wings : RHP Jeff Finley
|
Pitching: RHP Jeff Finley
|
|
Batting: RHB Pedro Cháves
|
0-0: Ball 1-0: Ball 2-0: Ball 3-0: Called Strike 3-1: Fly out, F8 (Flyball, 8RM)
|
Batting: RHB Jim Sharry
|
0-0: Ground out 4-3 (Groundball, 4)
|
Batting: RHB Joe Lewis
|
0-0: Ball 1-0: Foul Ball, location: 2F 1-1: Foul Ball, location: 2F 1-2: Foul Ball, location: 2F 1-2: Ball 2-2: Ball 3-2: Base on Balls
|
Batting: SHB Andrés Coronado
|
0-0: Called Strike 0-1: Foul Ball, location: 2F 0-2: Ball 1-2: Ball 2-2: Strikes out looking
|
Bottom of the 1st over - 0 run(s), 0 hit(s), 0 error(s), 1 left on base; Fresno HS 3 - Rocky Point HS 0 |
TOP OF THE 2ND |
Fresno HS Red Wings batting - Pitching for Rocky Point HS Eagles : RHP Ralph Benson
|
Batting: RHB Bobby Burks
|
0-0: Called Strike 0-1: Ball 1-1: Ball 2-1: Ball 3-1: Base on Balls
|
Batting: LHB Julián Echevarría
|
0-0: Ball 1-0: Called Strike 1-1: Swinging Strike 1-2: Ball 2-2: Ball 3-2: Foul Ball, location: 2F 3-2: Foul Ball, location: 2F 3-2: Foul Ball, location: 2F 3-2: Strikes out swinging
|
Batting: RHB Harvey Willis
|
0-0: Ball 1-0: Swinging Strike 1-1: Fielders Choice at 2nd, 5-4 (Groundball, 56)
|
Batting: RHB Chris Osborn
|
0-0: Called Strike Harvey Willis is caught stealing 2nd base
|
Top of the 2nd over - 0 run(s), 0 hit(s), 0 error(s), 0 left on base; Fresno HS 3 - Rocky Point HS 0 |
BOTTOM OF THE 2ND |
Rocky Point HS Eagles batting - Pitching for Fresno HS Red Wings : RHP Jeff Finley
|
Batting: LHB Gus Price
|
0-0: SINGLE (Line Drive, 78S)
|
Batting: RHB Fernando Pagán
|
0-0: Hit by Pitch Gus Price to second
|
Batting: RHB John Lindsey
|
0-0: Swinging Strike 0-1: Swinging Strike 0-2: Ball 1-2: Foul Ball, location: 2F 1-2: Ball 2-2: Ball 3-2: Base on Balls Gus Price to third Fernando Pagán to second
|
Batting: RHB Dave Burkholder
|
0-0: Foul Ball, location: 2F 0-1: Ball 1-1: Ball 2-1: Ball 3-1: Base on Balls Gus Price scores Fernando Pagán to third John Lindsey to second
|
Batting: RHB Ramón Garza
|
0-0: Fly out, F7 (Flyball, 7S)
|
Batting: RHB Pedro Cháves
|
0-0: Called Strike 0-1: Ball 1-1: Ball Wild Pitch! Fernando Pagán scores John Lindsey to third Dave Burkholder to second 2-1: Called Strike 2-2: Ground out 4-3 (Groundball, 4M) John Lindsey scores Dave Burkholder to third
|
Batting: RHB Jim Sharry
|
0-0: Hit by Pitch
|
Batting: RHB Joe Lewis
|
0-0: Called Strike 0-1: Ground out 5-3 (Groundball, 5S)
|
Bottom of the 2nd over - 3 run(s), 1 hit(s), 0 error(s), 2 left on base; Fresno HS 3 - Rocky Point HS 3 |
TOP OF THE 3RD |
Fresno HS Red Wings batting - Pitching for Rocky Point HS Eagles : RHP Ralph Benson
|
Batting: RHB Chris Osborn
|
0-0: Fly out, F8 (Flyball, 8RM)
|
Batting: LHB Jack Mitchell
|
0-0: Ground out 6-3 (Groundball, 6)
|
Batting: RHB Jack Hogan
|
0-0: Ball 1-0: Ball 2-0: Called Strike 2-1: Foul Ball, location: 2F 2-2: Ball 3-2: Foul Ball, location: 2F 3-2: Foul Ball, location: 2F 3-2: Fly out, F9 (Flyball, 89M)
|
Top of the 3rd over - 0 run(s), 0 hit(s), 0 error(s), 0 left on base; Fresno HS 3 - Rocky Point HS 3 |
BOTTOM OF THE 3RD |
Rocky Point HS Eagles batting - Pitching for Fresno HS Red Wings : RHP Jeff Finley
|
Batting: SHB Andrés Coronado
|
0-0: Swinging Strike 0-1: DOUBLE (Groundball, 3L)
|
Batting: LHB Gus Price
|
0-0: Ball 1-0: Swinging Strike 1-1: Reached on Error, E7 (Flyball, 7M) Andrés Coronado to third
|
Batting: RHB Fernando Pagán
|
0-0: Called Strike 0-1: Foul Ball, location: 2F 0-2: Ball Wild Pitch! Andrés Coronado scores Gus Price to second 1-2: Strikes out looking
|
Batting: RHB John Lindsey
|
0-0: DOUBLE (Line Drive, 3L) Gus Price scores
|
Batting: RHB Dave Burkholder
|
0-0: Ball 1-0: Foul Ball, location: 2F 1-1: Called Strike 1-2: Strikes out swinging
|
Batting: RHB Ramón Garza
|
0-0: Called Strike 0-1: Ball 1-1: Swinging Strike 1-2: Foul Ball, location: 2F 1-2: Fly out, F8 (Flyball, 8RM)
|
Bottom of the 3rd over - 2 run(s), 2 hit(s), 1 error(s), 1 left on base; Fresno HS 3 - Rocky Point HS 5 |
TOP OF THE 4TH |
Fresno HS Red Wings batting - Pitching for Rocky Point HS Eagles : RHP Ralph Benson
|
Batting: RHB Juan Bruno
|
0-0: Called Strike 0-1: Called Strike 0-2: Strikes out looking
|
Batting: RHB Cristo Avalos
|
0-0: Called Strike 0-1: Fly out, F9 (Flyball, 9M)
|
Batting: RHB Ward Dempsey
|
0-0: Fly out, F3 (Popup, 3SF)
|
Top of the 4th over - 0 run(s), 0 hit(s), 0 error(s), 0 left on base; Fresno HS 3 - Rocky Point HS 5 |
BOTTOM OF THE 4TH |
Rocky Point HS Eagles batting - Pitching for Fresno HS Red Wings : RHP Jeff Finley
|
Batting: RHB Pedro Cháves
|
0-0: Ball 1-0: DOUBLE (Flyball, 8RD)
|
Batting: RHB Jim Sharry
|
0-0: Foul Ball, location: 2F 0-1: Ball 1-1: Foul Ball, location: 2F 1-2: Ball 2-2: SINGLE (Groundball, 56D) (infield hit) Pedro Cháves to third
|
Batting: RHB Joe Lewis
|
0-0: Ball 1-0: Called Strike 1-1: Foul Ball, location: 2F 1-2: Ball 2-2: DOUBLE (Groundball, 5L) Pedro Cháves scores Jim Sharry to third
|
Batting: SHB Andrés Coronado
|
0-0: Called Strike 0-1: Swinging Strike 0-2: Strikes out looking
|
Batting: LHB Gus Price
|
0-0: Foul Ball, location: 2F 0-1: Reached on error, E6 (Groundball, 6M) Jim Sharry scores Joe Lewis to third
|
Batting: RHB Fernando Pagán
|
0-0: Ball 1-0: Ball 2-0: Ball 3-0: Called Strike 3-1: Base on Balls Gus Price to second
|
Pitching: RHP David Tuttle
|
|
Batting: RHB John Lindsey
|
0-0: Ball 1-0: Ball 2-0: Called Strike 2-1: Called Strike 2-2: Ball 3-2: Base on Balls Joe Lewis scores Gus Price to third Fernando Pagán to second
|
Batting: RHB Dave Burkholder
|
0-0: Foul Ball, location: 2F 0-1: Ball 1-1: Ball 2-1: Foul Ball, location: 2F 2-2: Foul Ball, location: 2F 2-2: Foul Ball, location: 2F 2-2: Strikes out swinging
|
Batting: RHB Ramón Garza
|
0-0: Swinging Strike 0-1: Swinging Strike 0-2: Ball 1-2: Ball 2-2: Fly out, F9 (Flyball, 89S)
|
Bottom of the 4th over - 3 run(s), 3 hit(s), 1 error(s), 3 left on base; Fresno HS 3 - Rocky Point HS 8 |
TOP OF THE 5TH |
Fresno HS Red Wings batting - Pitching for Rocky Point HS Eagles : RHP Ralph Benson
|
Batting: RHB Bobby Burks
|
0-0: Ball 1-0: Ball 2-0: Ball 3-0: Base on Balls
|
Batting: LHB Julián Echevarría
|
0-0: Ground out 5-3 (Groundball, 5S) Bobby Burks to second
|
Batting: RHB Harvey Willis
|
0-0: Called Strike 0-1: Foul Ball, location: 2F 0-2: Foul Ball, location: 2F 0-2: Fly out, F7 (Flyball, 78M)
|
Batting: RHB Chris Osborn
|
0-0: Ball 1-0: Called Strike 1-1: Swinging Strike 1-2: Ball 2-2: Ground out 6-3 (Groundball, 6M)
|
Top of the 5th over - 0 run(s), 0 hit(s), 0 error(s), 1 left on base; Fresno HS 3 - Rocky Point HS 8 |
BOTTOM OF THE 5TH |
Rocky Point HS Eagles batting - Pitching for Fresno HS Red Wings : RHP David Tuttle
|
Batting: RHB Pedro Cháves
|
0-0: Called Strike 0-1: Fly out, F9 (Flyball, 89M)
|
Batting: RHB Jim Sharry
|
0-0: Ball 1-0: Called Strike 1-1: Ball 2-1: Foul Ball, location: 2F 2-2: Foul Ball, location: 2F 2-2: Fly out, F3 (Popup, 13)
|
Batting: RHB Joe Lewis
|
0-0: Ball 1-0: Ground out 6-3 (Groundball, 6M)
|
Bottom of the 5th over - 0 run(s), 0 hit(s), 0 error(s), 0 left on base; Fresno HS 3 - Rocky Point HS 8 |
TOP OF THE 6TH |
Fresno HS Red Wings batting - Pitching for Rocky Point HS Eagles : RHP Ralph Benson
|
Batting: LHB Jack Mitchell
|
0-0: Bunt for hit - play at first, batter OUT! 5-3
|
Batting: RHB Jack Hogan
|
0-0: Called Strike 0-1: Called Strike 0-2: Ball 1-2: Ball 2-2: Fly out, F9 (Flyball, 89M)
|
Batting: RHB Juan Bruno
|
0-0: Fly out, F6 (Line Drive, 6)
|
Top of the 6th over - 0 run(s), 0 hit(s), 0 error(s), 0 left on base; Fresno HS 3 - Rocky Point HS 8 |
BOTTOM OF THE 6TH |
Rocky Point HS Eagles batting - Pitching for Fresno HS Red Wings : RHP David Tuttle
|
Batting: SHB Andrés Coronado
|
0-0: Called Strike 0-1: Foul Ball, location: 2F 0-2: Ball 1-2: Foul Ball, location: 2F 1-2: Foul Ball, location: 2F 1-2: Strikes out swinging
|
Batting: LHB Gus Price
|
0-0: Ball 1-0: Called Strike 1-1: Called Strike 1-2: Ball 2-2: Foul Ball, location: 2F 2-2: Strikes out swinging
|
Batting: RHB Fernando Pagán
|
0-0: Called Strike 0-1: Called Strike 0-2: Ball 1-2: Strikes out looking
|
Bottom of the 6th over - 0 run(s), 0 hit(s), 0 error(s), 0 left on base; Fresno HS 3 - Rocky Point HS 8 |
TOP OF THE 7TH |
Fresno HS Red Wings batting - Pitching for Rocky Point HS Eagles : RHP Ralph Benson
|
Pitching: RHP Gary Thompson
|
|
Batting: RHB Cristo Avalos
|
0-0: Ball 1-0: Ball 2-0: Called Strike 2-1: Swinging Strike 2-2: Foul Ball, location: 2F 2-2: Fly out, F9 (Flyball, 9LD)
|
Batting: RHB Ward Dempsey
|
0-0: Called Strike 0-1: SINGLE (Groundball, 34)
|
Batting: RHB Bobby Burks
|
0-0: Called Strike 0-1: Swinging Strike 0-2: Ball 1-2: Ball 2-2: Strikes out looking
|
Batting: LHB Julián Echevarría
|
0-0: Ball 1-0: Ball 2-0: Fly out, F7 (Flyball, 78S)
|
Top of the 7th over - 0 run(s), 1 hit(s), 0 error(s), 1 left on base; Fresno HS 3 - Rocky Point HS 8 |
BOTTOM OF THE 7TH |
Rocky Point HS Eagles batting - Pitching for Fresno HS Red Wings : RHP David Tuttle
|
Pitching: RHP Greg Cooper
|
|
Batting: RHB John Lindsey
|
0-0: Ball 1-0: Fly out, F7 (Line Drive, 7S)
|
Batting: RHB Dave Burkholder
|
0-0: Ball 1-0: Called Strike 1-1: Ball 2-1: DOUBLE (Line Drive, 78M)
|
Batting: RHB Ramón Garza
|
0-0: Fly out, F3 (Popup, 3F)
|
Batting: RHB Pedro Cháves
|
0-0: Ball 1-0: Ball 2-0: Ball 3-0: Base on Balls
|
Batting: RHB Jim Sharry
|
0-0: Ball 1-0: Foul Ball, location: 2F 1-1: Ball 2-1: Ball 3-1: Foul Ball, location: 2F 3-2: Foul Ball, location: 2F 3-2: Strikes out swinging
|
Bottom of the 7th over - 0 run(s), 1 hit(s), 0 error(s), 2 left on base; Fresno HS 3 - Rocky Point HS 8 |
TOP OF THE 8TH |
Fresno HS Red Wings batting - Pitching for Rocky Point HS Eagles : RHP Gary Thompson
|
Now at C: Josh Conner
|
|
Batting: RHB Harvey Willis
|
0-0: SOLO HOME RUN (Line Drive, 7LD), Distance : 338 ft
|
Batting: RHB Chris Osborn
|
0-0: Called Strike 0-1: Foul Ball, location: 2F 0-2: Ball 1-2: Ball 2-2: Ground out 1-3 (Groundball, 13S)
|
Batting: LHB Jack Mitchell
|
0-0: Swinging Strike 0-1: Swinging Strike 0-2: Strikes out looking
|
Batting: RHB Jack Hogan
|
0-0: Reached on error, E6 (Groundball, 56)
|
Batting: RHB Juan Bruno
|
0-0: Ball 1-0: Ball 2-0: Ground out 1-3 (Groundball, 15)
|
Top of the 8th over - 1 run(s), 1 hit(s), 1 error(s), 1 left on base; Fresno HS 4 - Rocky Point HS 8 |
BOTTOM OF THE 8TH |
Rocky Point HS Eagles batting - Pitching for Fresno HS Red Wings : RHP Greg Cooper
|
Batting: RHB Joe Lewis
|
0-0: Called Strike 0-1: Foul Ball, location: 2F 0-2: Strikes out swinging
|
Batting: SHB Andrés Coronado
|
0-0: Called Strike 0-1: Ground out 6-3 (Groundball, 6)
|
Batting: LHB Gus Price
|
0-0: Ball 1-0: Ball 2-0: Called Strike 2-1: Foul Ball, location: 2F 2-2: Foul Ball, location: 2F 2-2: Ball 3-2: Base on Balls
|
Batting: RHB Fernando Pagán
|
0-0: Ball 1-0: Ground out 5-3 (Groundball, 56)
|
Bottom of the 8th over - 0 run(s), 0 hit(s), 0 error(s), 1 left on base; Fresno HS 4 - Rocky Point HS 8 |
TOP OF THE 9TH |
Fresno HS Red Wings batting - Pitching for Rocky Point HS Eagles : RHP Gary Thompson
|
Batting: RHB Cristo Avalos
|
0-0: Ball 1-0: Called Strike 1-1: Foul Ball, location: 2F 1-2: Foul Ball, location: 2F 1-2: Fly out, F8 (Flyball, 8LM)
|
Pitching: RHP Nick Cox
|
|
Batting: RHB Ward Dempsey
|
0-0: Called Strike 0-1: Ball 1-1: Foul Ball, location: 2F 1-2: Ball 2-2: Ground out 5-3 (Groundball, 5S)
|
Batting: RHB Bobby Burks
|
0-0: Called Strike 0-1: SINGLE (Line Drive, 4MD)
|
Batting: LHB Julián Echevarría
|
0-0: Called Strike 0-1: Foul Ball, location: 2F 0-2: Ball 1-2: Ground out 4-3 (Groundball, 4)
|
Top of the 9th over - 0 run(s), 1 hit(s), 0 error(s), 1 left on base; Fresno HS 4 - Rocky Point HS 8 |
|